 Dungeon Crawl Stone Soup version 0.20.0-6-gd3061e9 (webtiles) character file.

49 zhorgal the Insei (level 3, -1/16 HPs)
             Began as a Vine Stalker Earth Elementalist on May 28, 2017.
             Slain by a gnoll
             ... wielding a +0 halberd
              (2 damage)
             ... on level 2 of the Dungeon.
             The game lasted 00:03:04 (1263 turns).

zhorgal the Insei (Vine Stalker Earth Elementalist) Turns: 1263, Time: 00:03:04

Health: -1/16      AC:  5    Str: 10    XL:     3   Next: 75%
Magic:  0/7        EV: 10    Int: 15    God:
Gold:   65         SH:  0    Dex: 15    Spells: 5/6 levels left

rFire    . . .     SeeInvis .     - Unarmed
rCold    . . .     Gourm    .   (no shield)
rNeg     . . .     Faith    .   h - +0 ring mail
rPois    .         Spirit   +   (no helmet)
rElec    .         Reflect  .   (no cloak)
rCorr    .         Harm     .   (no gloves)
MR       .....                  (no boots)
Stlth    +.........             (no amulet)
Regen    0.1/turn               (no ring)
MPRegen  0.1/turn               (no ring)

@: very slightly contaminated
A: fangs 2, magic shield, antimagic bite, no potion heal 3, rot immunity
a: no special abilities


You were on level 2 of the Dungeon.
You were hungry.

You visited 1 branch of the dungeon, and saw 2 of its levels.

You collected 65 gold pieces.

Inventory:

Missiles
 b - 41 stones (quivered)
Armour
 c - a +0 robe
 h - a +0 ring mail (worn)
Scrolls
 a - 2 scrolls of identify {unknown}
 f - a scroll of fog {unknown}
 g - a scroll of random uselessness {unknown}
Potions
 j - a potion of curing {unknown}
Books
 e - a book of Geomancy

   Spells                             Type                      Level
   a - Sandblast                      Earth                        1
   b - Passwall                       Transmutation/Earth          2
   c - Stone Arrow                    Conjuration/Earth            3
   d - Petrify                        Transmutation/Earth          4
   e - Lee's Rapid Deconstruction     Earth                        5
Comestibles
 d - 2 bread rations
 i - 2 chunks of flesh
 k - a royal jelly


   Skills:
 - Level 1.5 Dodging
 - Level 2.4 Stealth
 + Level 3.2 Unarmed Combat
 - Level 2.1 Spellcasting
   Level 1.0 Transmutations
 - Level 3.0 Earth Magic


You had 5 spell levels left.
You knew the following spells:

 Your Spells              Type           Power        Failure   Level  Hunger
a - Sandblast             Erth           ##....       17%         1    #......


Dungeon Overview and Level Annotations

Branches:
Dungeon (2/15)

Altars:


Innate Abilities, Weirdness & Mutations

You have extremely sharp teeth.
When hurt, damage is shared between your health and your magic reserves.
Your bite disrupts and absorbs the magic of your enemies.
Potions cannot restore your health.
You are immune to rotting.


Message History

You don't have enough magic to cast that spell.
Casting: Sandblast
Confirm with . or Enter, or press ? or * to list all spells.
Aiming: Sandblast
Press: ? - help, Shift-Dir - straight line, f - gnoll
Aim: a gnoll, wielding a halberd (almost dead)
The blast of sand misses the gnoll.
b - 41 stones The gnoll hits you from afar with a halberd.
* * * LOW HITPOINT WARNING * * *
Casting: Sandblast
Confirm with . or Enter, or press ? or * to list all spells.
Aiming: Sandblast
Press: ? - help, Shift-Dir - straight line, f/p - gnoll
Aim: a gnoll, wielding a halberd (almost dead)
You miscast Sandblast.
You are very lightly contaminated with residual magic.
You feel momentarily lethargic.
The gnoll hits you from afar with a halberd.
You die...

#.##.##....## #..# ##
#.##.##.....##### #..##..
#.##.....)....).# #.# #..##.#
#.##..#.....###.# #.# #..##.#
#.##..#....## #.###.###..##.#
#.##..).#.## #.......#..##.#
#.##..###.#####..##.#....##.#
#.##..###........#..###.S...#
#..÷..<.......@.##....#..##.#
####.....######.g..#...#.##.#
#......# #.#g...##..##g###
#.......# #.###÷.#...##S..g
#..>..... ... #.##...##.###
#........ .... .......##..
####.#########...#....#### .#
###...##.# ######.#


You could see 2 gnolls.

Vanquished Creatures
  A gnoll (D:2)
  An adder (D:2)
  An ooze (D:2)
  A worm (D:2)
  2 leopard geckos (D:2)
  2 giant cockroaches (D:2)
  A kobold (D:2)
  A quokka (D:2)
  7 bats
  3 frilled lizards
  3 rats
23 creatures vanquished.

Notes
Turn   | Place    | Note
-------+----------+-------------------------------------------
     0 | D:1      | zhorgal the Vine Stalker Earth Elementalist began the quest for the Orb.
     0 | D:1      | Reached XP level 1. HP: 9/9 MP: 4/4
   361 | D:1      | Reached skill level 1 in Unarmed Combat
   477 | D:2      | Reached XP level 2. HP: 7/13 MP: 4/6
   995 | D:2      | Reached XP level 3. HP: 11/16 MP: 0/7
  1263 | D:2      | Slain by a gnoll

Skill      XL: |  1  2  3 |
---------------+----------+-----
Unarmed Combat | 1 2 3 |  3.2
Dodging        | |  1.5
Stealth        | |  2.4
Spellcasting   | |  2.1
Transmutations | |  1.0
Earth Magic    | |  3.0

Action                   || total
-------------------------++-------
Melee: Unarmed           ||    79
       Bite              ||    11
 Cast: Sandblast         ||    21
 Stab: Sleeping          ||     4
  Eat: Chunk             ||     1
Armor: Robe              ||     7
       Ring mail         ||    34
Dodge: Dodged            ||    57
